AoeStats
← TM Caesar

Runestones

508283381Analyzed
1v1 RM · 11d ago on Sep 21, 2026· 42m 22s· 2 players
Game mode
Random Map
Map size
Tiny (2 player)
Population
200
Speed
Normal
Resources
Standard
Victory
Conquest
Starting age
Dark Age
Ending age
Imperial Age
RankedLock teamsTeams togetherTeam positionsShared explorationLock speedFull tech treeHidden civsTurbo modeCheats
Victory
Defeat
🇬🇧 Armenians · United Kingdom
1614
+17
🇦🇷 Shu · Argentina
1638
-17
Jackdaw
5:57 Loom
8:50 Feudal Age
9:19 Double-Bit Axe
9:31 Horse Collar
15:31 Fletching
16:15 Padded Archer Armor
17:45 Wheelbarrow
22:20 Castle Age
20:55 Gold Mining
23:04 Bloodlines
22:35 Crossbowman
23:12 Bodkin Arrow
23:33 Leather Archer Armor
23:34 Bow Saw
26:07 Town Watch
27:37 Hand Cart
29:20 Gold Shaft Mining
28:36 Stone Mining
32:30 Heavy Plow
35:34 Imperial Age
33:41 Ballistics
33:20 Man-at-Arms
33:46 Gambesons
34:44 Scale Mail Armor
34:19 Long Swordsman
34:59 Squires
34:44 Arson
35:17 Two-Handed Swordsman
36:44 Chain Mail Armor
36:39 Forging
36:41 Champion
38:50 Plate Mail Armor
39:33 Conscription
39:38 Fereters
41:07 Iron Casting
42:38 Devotion
TM Caesar
6:20 Loom
9:01 Feudal Age
9:48 Double-Bit Axe
11:09 Fletching
12:19 Horse Collar
20:49 Castle Age
20:59 Scale Barding Armor
21:03 Padded Archer Armor
22:29 Scale Barding Armor
23:03 Wheelbarrow
22:40 Horse Collar
25:59 Chain Barding Armor
26:16 Town Watch
28:06 Forging
28:12 Husbandry
32:16 Hand Cart
31:32 Light Cavalry
42:08 Bodkin Arrow
Connection lost

Rejoining the realm…

Still unreachable

The connection could not be restored.

Session expired

The server has moved on; the page needs a fresh start.